Map: Ulrena

Players

Koo - Winner!

  • Race: Zerg Zerg
  • League: Platinum

LilDicky

  • Race: Terran Terran
  • League: Diamond

VOD

http://www.twitch.tv/tumescentpie

Description

Time

  • Played on: Dec. 31, 2015, 5:16 p.m.
  • Length: 6:02
Show
View Real Time Build Order
Export as new Build Order

Koo Zerg - Winner!

Build Orders: Hatch First 

Get SALT Encoding   

  12  0:00  Drone  
  13  0:08  Drone  
  14  0:18  Overlord  
  14  0:23  Extractor  
  14  0:24  Drone  
  15  0:36  Drone x2  
  17  0:45  Drone  
  18  1:06  Hatchery  
  17  1:16  Spawning Pool  
  17  1:17  Drone  
  17  1:19  Drone x2  
  19  1:27  Extractor  
  19  1:29  Overlord  
  18  1:38  Drone  
  19  2:04  Roach Warren  
  19  2:05  Queen  
  20  2:12  Drone x2  
  20  2:13  Overlord  
  22  2:19  Queen  
  24  2:44  Roach x5  
  30  2:46  Roach  
  36  2:55  Drone x2  
  39  3:05  Drone  
  39  3:12  Drone x2  
  41  3:14  Drone x2  
  43  3:20  Overlord  
  43  3:23  Metabolic Boost  
  43  3:24  Drone  
  44  3:31  Overlord  
  38  3:49  Zergling x2  
  38  3:50  Zergling x6  
  38  3:51  Baneling Nest, Zergling x6  
  38  3:52  Zergling x2  
  41  3:58  Zergling x2  
  41  4:01  Zergling x2  
  41  4:09  Zergling x2  
  42  4:13  Zergling x2  
  43  4:18  Spine Crawler  
  43  4:19  Zergling x6  
  43  4:22  Zergling x4  
  47  4:25  Zergling x6  
  50  4:32  Zergling x2  
  50  4:44  Zergling x2  
  45  4:49  Zergling x2  
  45  4:50  Zergling x6  
  45  4:51  Zergling x2  
  43  4:58  Zergling x4  
  42  5:03  Zergling x6  
  43  5:10  Zergling x4  
  43  5:12  Baneling  
  43  5:13  Baneling x3  
  44  5:18  Zergling x2  
  44  5:20  Baneling x2  
  44  5:21  Zergling x2  
  46  5:24  Baneling x2  
  46  5:26  Zergling x4  
  48  5:29  Baneling x3  
  48  5:31  Baneling  
  48  5:33  Zergling x6  
  51  5:42  Baneling  
Show
View Real Time Build Order
Export as new Build Order

LilDicky Terran 

Build Orders: MMM Bio 

Get SALT Encoding   

  12  0:01  SCV  
  13  0:13  SCV  
  14  0:23  Supply Depot  
  14  0:27  Refinery  
  14  0:29  SCV  
  15  0:45  SCV  
  15  0:47  Barracks  
  16  1:03  SCV  
  17  1:17  SCV  
  18  1:26  Barracks  
  18  1:27  Barracks  
  18  1:29  SCV  
  19  1:40  Barracks Tech Lab  
  19  1:41  SCV  
  19  1:43  Supply Depot  
  19  1:45  Supply Depot  
  20  1:57  Orbital Command  
  20  2:01  Marine  
  21  2:11  Stimpack  
  22  2:16  Barracks Reactor  
  22  2:17  Barracks Tech Lab  
  22  2:21  Marine  
  22  2:38  Marine  
  23  2:46  Combat Shields  
  23  2:48  Marine  
  23  2:49  SCV  
  25  2:54  Marine  
  25  2:55  Marine x2  
  28  3:05  Supply Depot, Marine  
  29  3:10  Barracks  
  29  3:12  Marine  
  30  3:13  Marine  
  31  3:21  Marine  
  31  3:26  SCV, Marine  
  33  3:30  Supply Depot, Marine  
  33  3:31  Marine  
  35  3:38  SCV  
  35  3:39  Marine  
  37  3:44  Marine  
  37  3:47  Marine  
  33  3:49  Marine  
  31  4:02  Marine x3  
  32  4:05  SCV, Marine  
  32  4:06  Marine  
  36  4:20  Marine x3  
  36  4:21  SCV  
  36  4:23  Marine  
  41  4:24  Marine  
  42  4:38  Marine x2  
  30  4:54  Marine x3  
  30  4:55  Marine  
  30  4:56  Marine  
  30  4:57  SCV  
  31  5:10  Command Center  
  31  5:11  Marine  
  31  5:12  Marine x2  
  31  5:13  Marine  
  35  5:16  Marine  
  36  5:25  SCV  
  37  5:29  Marine x2  
  39  5:37  SCV  
  39  5:39  Marine x3  
  43  5:49  SCV  
Tags
 
Add a new tag
Caveats
  • Supply blocks, unpowered buildings, or Contaminate may cause inaccurate times.
  • Supply counts are checked every 10 seconds.